Map: Mech Depot LE

Players

Winthrowe

  • Race: Terran Terran
  • Spawn Location: 1:00

human - Winner!

  • Race: Protoss Protoss
  • League: Diamond
  • Spawn Location: 7:00

VOD

Have the link to the VOD?

Description

Time

  • Played on: Aug. 18, 2017, 4:49 p.m.
  • Length: 6:04
Show
View Real Time Build Order
Export as new Build Order

Winthrowe Terran 

Build Orders: Command Center First (CC) 

Get SALT Encoding   

  12  0:02  SCV  
  13  0:14  SCV  
  14  0:26  SCV  
  15  0:40  Supply Depot  
  15  0:47  Refinery  
  15  1:02  SCV  
  16  1:15  Command Center  
  16  1:16  SCV  
  17  1:27  Barracks  
  17  1:28  SCV  
  18  1:43  SCV  
  19  1:55  SCV  
  20  2:14  Orbital Command  
  20  2:21  Supply Depot  
  20  2:25  Marine  
  21  2:32  SCV  
  22  2:44  SCV  
  23  2:57  SCV  
  24  2:58  SCV, Factory  
  25  3:09  SCV  
  25  3:10  SCV  
  27  3:15  Marine  
  28  3:21  SCV  
  28  3:22  SCV  
  30  3:33  Marine, SCV  
  32  3:38  Engineering Bay  
  32  3:41  SCV  
  33  3:51  Marine  
  34  4:05  Starport  
  34  4:08  Marine  
  35  4:10  Cyclone  
  38  4:40  Supply Depot  
  38  4:42  Barracks Reactor, Cyclone  
  41  5:00  SCV x2  
  41  5:04  Refinery  
  43  5:12  SCV x2  
  15  5:38  Starport Tech Lab  
Show
View Real Time Build Order
Export as new Build Order

human Protoss - Winner!

Build Orders: Dark Templar Rush 

Get SALT Encoding   

  12  0:01  Probe (Chrono Boost)  
  13  0:13  Probe (Chrono Boost)  
  14  0:17  Pylon  
  14  0:24  Probe (Chrono Boost)  
  15  0:35  Probe (Chrono Boost)  
  16  0:43  Gateway  
  16  0:45  Assimilator  
  16  0:49  Probe (Chrono Boost)  
  17  0:57  Assimilator  
  17  1:00  Probe (Chrono Boost)  
  18  1:08  Pylon  
  18  1:11  Probe (Chrono Boost)  
  19  1:21  Probe (Chrono Boost)  
  20  1:31  Cybernetics Core  
  20  1:34  Probe (Chrono Boost)  
  21  1:45  Probe (Chrono Boost)  
  22  1:57  Probe (Chrono Boost)  
  23  2:02  Nexus  
  23  2:16  Twilight Council  
  23  2:18  Probe (Chrono Boost)  
  24  2:28  Adept (Chrono Boost)  
  26  2:31  Mothership Core  
  28  2:42  Warp Gate (Chrono Boost)  
  28  2:52  Probe  
  28  2:54  Robotics Facility  
  29  3:04  Dark Shrine  
  30  3:05  Probe  
  30  3:16  Probe  
  30  3:18  Probe  
  32  3:27  Gateway  
  32  3:29  Probe  
  32  3:32  Gateway  
  33  3:39  Probe x2  
  35  3:46  Warp Prism (Chrono Boost)  
  37  3:54  Probe x2  
  39  3:58  Pylon  
  39  4:06  Probe x2  
  41  4:18  Probe x2 (Chrono Boost)  
  43  4:31  Observer  
  43  4:35  Nexus  
  43  4:37  Pylon  
  44  4:44  Dark Templar  
  44  4:45  Dark Templar x2  
  50  4:47  Probe x2 (Chrono Boost)  
  50  4:50  Assimilator  
  52  4:57  Pylon  
  52  4:59  Probe (Chrono Boost)  
  53  5:19  Probe x2 (Chrono Boost)  
  55  5:24  Assimilator  
  55  5:29  Probe (Chrono Boost)  
  55  5:30  Probe (Chrono Boost)  
  55  5:32  Stalker x3  
  63  5:48  Probe x2 (Chrono Boost)  
  65  5:56  Dark Templar x3  
Tags
 
Add a new tag
Caveats
  • Supply blocks, unpowered buildings, or Contaminate may cause inaccurate times.
  • Supply counts are checked every 10 seconds.